 Dungeon Crawl Stone Soup version 0.28-a0-1435-g82390b3a13 (webtiles) character file.

Game seed: 1411344659596916466

4859 HallandMoats the Warmonger (level 10, -10/80 HPs)
             Began as a Demonspawn Fighter on Jan 9, 2022.
             Was a High Priest of Okawaru.
             Mangled by an orc warrior (16 damage)
             ... in a bailey.
             The game lasted 00:08:58 (8620 turns).

HallandMoats the Warmonger (Demonspawn Fighter)     Turns: 8620, Time: 00:08:59

Health: -10/80     AC:  8    Str: 21    XL:     10   Next: 25%
Magic:  16/16      EV: 12    Int: 18    God:    Okawaru [*****.]
Gold:   343        SH: 11    Dex: 11    Spells: 9/9 levels left

rFire   . . .      SeeInvis .   b - +9 trident of the Bear {venom, *Rage Dex+4}
rCold   . . .      Faith    .   c - +0 buckler
rNeg    . . .      Spirit   .   H - +2 leather armour {rPois}
rPois   +          Reflect  .   (helmet restricted)
rElec   .          Harm     .   (no cloak)
rCorr   +          Rampage  .   l - +0 pair of gloves
Will    .....      Rage     20% D - +0 pair of boots
Stlth   +.........              n - amulet of the acrobat
HPRegen 0.23/turn               B - ring of Twilight {rPois rCorr Int+8 Dex-5}
MPRegen 0.15/turn               (no ring)

@: on berserk cooldown, slowed, invisible, very slow
A: antennae 2, large bone plates 2, ignite blood 1, spiny 1
a: Renounce Religion, Heroism, Finesse, Duel


You were in a bailey.
You worshipped Okawaru.
Okawaru was extremely pleased with you.
You visited 2 branches of the dungeon, and saw 8 of its levels.
You also visited: Bailey.

You collected 343 gold pieces.

Inventory:

Hand Weapons
 a - a +0 long sword
 b - the +9 trident of the Bear (weapon) {venom, *Rage Dex+4}
   (You found it on level 3 of the Dungeon)

   It poisons the flesh of those it strikes.
   Dex:       It affects your dexterity (+4).
   *Rage:     It berserks you when you make melee attacks (+20% chance).
Armour
 c - a +0 buckler (worn)
 e - the +7 plate armour of Disappointment {Int+5}
   (Okawaru gifted it to you in a bailey)

   Int:       It affects your intelligence (+5).
 l - a +0 pair of gloves (worn)
 D - a +0 pair of boots (worn)
 H - a +2 leather armour of poison resistance (worn)
Jewellery
 n - an amulet of the acrobat (around neck)
 y - an amulet of magic regeneration
 B - the ring of Twilight (left hand) {rPois rCorr Int+8 Dex-5}
   (You found it on level 5 of the Dungeon)

   [ring of poison resistance]

   Int:       It affects your intelligence (+8).
   Dex:       It affects your dexterity (-5).
   rPois:     It protects you from poison.
   rCorr:     It protects you from acid and corrosion.
Wands
 k - a wand of digging (4)
 x - a wand of paralysis (3)
 A - a wand of flame (9)
 C - a wand of iceblast (5)
 G - a wand of polymorph (5)
Scrolls
 f - 4 scrolls of teleportation {unknown}
 m - a scroll of fog {unknown}
 o - 2 scrolls of summoning {unknown}
 p - 2 scrolls of immolation {unknown}
 r - 2 scrolls of enchant armour {unknown}
 s - a scroll of silence {unknown}
 t - 2 scrolls of identify
 u - a scroll of amnesia {unknown}
 v - a scroll of torment {unknown}
Potions
 d - 4 potions of might
 g - 2 potions of lignification
 i - 2 potions of berserk rage {unknown}
 j - a potion of haste {unknown}
 w - 2 potions of heal wounds {unknown}
 z - a potion of ambrosia {unknown}
 E - a potion of curing {unknown}
 F - a potion of brilliance {unknown}


   Skills:
 * Level 7.9 Fighting
 * Level 7.0 Long Blades
 + Level 5.4 Armour
 + Level 4.5 Dodging
 + Level 5.4 Shields
 * Level 8.2 Invocations


You had 9 spell levels left.
You didn't know any spells.
Your spell library contained the following spells:

 Spells                   Type           Power      Damage    Failure   Level
 Corpse Rot               Necr/Air       0%         N/A       43%         2
 Poisonous Vapours        Pois/Air       0%         N/A       43%         2


Dungeon Overview and Level Annotations

Branches:
Dungeon (7/15)             Temple (1/1) D:4          Bailey (1/1)

Altars:
Cheibriados
Dithmenos
Elyvilon
Fedhas
Gozag
Hepliaklqana
Makhleb
Nemelex Xobeh
Okawaru
Qazlal
Ru
Sif Muna
Uskayaw
Vehumet
Wu Jian
Xom
Yredelemnul
Zin
The Shining One


Innate Abilities, Weirdness & Mutations

You have a pair of antennae on your head.
You are mostly covered in large bone plates. (SH +6)
Your demonic aura sometimes causes spilled blood to erupt in flames.
You are partially covered in sharp spines.


Message History

* * * LOW HITPOINT WARNING * * *
Why would you want to do that?
The centaur misses you. x2; The orc warrior barely misses you.
Unknown command.
Reach: b) +9 trident of the Bear {venom, *Rage Dex+4}
Press: ? - help, Dir - move target, f - centaur
Aim: a centaur, wielding a +0 spear, wearing a +0 chain mail and quivering javelins (about 17% to evade the +9 trident of the Bear)
You reach to attack!
You hit the centaur.
The centaur is poisoned.
The centaur is moderately wounded.
The centaur closely misses you. You block the centaur's attack.
The orc warrior barely misses you.
The centaur throws a javelin.
The javelin misses you. The orc warrior barely misses you.
Reach: b) +9 trident of the Bear {venom, *Rage Dex+4}
Press: ? - help, Dir - move target, f/p - centaur
Aim: a centaur, wielding a +0 spear, wearing a +0 chain mail and quivering javelins (moderately wounded, very poisoned, about 17% to evade the +9 trident of the Bear)
You reach to attack!
You hit the centaur.
The centaur is heavily wounded.
You block the centaur's attack.
The centaur throws a javelin.
The javelin closely misses you.
The orc warrior hits you from afar with a +0 trident!!
* * * LOW HITPOINT WARNING * * *
The centaur barely misses you. The orc warrior closely misses you.
Reach: b) +9 trident of the Bear {venom, *Rage Dex+4}
Press: ? - help, Dir - move target, f/p - centaur
Aim: a centaur, wielding a +0 spear, wearing a +0 chain mail and quivering javelins (severely wounded, very poisoned, about 17% to evade the +9 trident of the Bear)
You reach to attack!
You completely miss the centaur.
The centaur is severely wounded.
The centaur throws a javelin.
The javelin misses you. You block the centaur's attack.
The orc warrior closely misses you. The centaur barely misses you.
You block the orc warrior's attack.
Reach: b) +9 trident of the Bear {venom, *Rage Dex+4}
Press: ? - help, Dir - move target, f/p - centaur
Aim: a centaur, wielding a +0 spear, wearing a +0 chain mail and quivering javelins (almost dead, very poisoned, about 17% to evade the +9 trident of the Bear)
You reach to attack!
You puncture the centaur!
You kill the centaur!
Okawaru accepts your kill. You block the orc warrior's attack. x2
You fade into invisibility!
The orc warrior hits you from afar with a +0 trident!
You die...

..≈≈≈.....≈.≈≈≈≈
.≈≈≈≈≈..⌠.≈≈.≈≈≈#
c≈≈≈≈≈.....≈.≈≈≈#
≈≈o≈≈≈≈....≈≈.≈≈#
≈≈≈≈≈≈≈.....≈.≈≈#
.≈≈≈:≈≈≈)....≈.≈≈#
..≈≈≈)≈≈≈.....≈.≈≈#
.....≈≈≈?≈o≈.....≈.≈≈#
.....≈≈≈≈≈o≈.)..@≈.≈≈#
≈....≈≈≈≈≈≈≈)...≈≈)≈≈#
≈.....≈≈≈≈≈..)..≈o≈≈≈#
≈≈.⌠..≈≈≈≈≈..⌠.≈≈.≈≈≈#
.≈....)≈≈≈))...≈.≈≈≈≈#
.≈≈≈....)...)≈≈≈.≈≈≈≈#
≈..≈≈≈..).)≈≈≈..≈≈≈≈≈#
≈≈≈.)≈#...#≈).≈≈≈≈≈≈≈#
≈≈≈§≈.#...#.≈≈≈≈≈≈≈≈##


You could see 3 orc warriors.

Vanquished Creatures
  2 two-headed ogres
  An unseen horror (D:5)
  Sigmund (D:4)
  A steam dragon (D:6)
  Edmund (D:6)
  2 water moccasins
  A black bear (D:6)
  8 orc warriors (Bailey)
  An ice beast (D:6)
  A sky beast (D:6)
  2 necrophages
  An ogre (D:6)
  9 centaurs
  A phantom (D:5)
  A gnoll sergeant (D:6)
  A scorpion (D:5)
  A bullfrog (D:4)
  A howler monkey (D:5)
  4 jellies
  An orc priest (D:5)
  A gnoll shaman (D:6)
  A hound (D:6)
  A hound zombie (D:3)
  Robin (D:4)
  13 adders
  8 gnolls (D:6)
  A shadow imp (D:6)
  An adder zombie (D:5)
  An adder skeleton (D:4)
  29 orcs
  8 bats
  8 endoplasms
  2 giant cockroaches
  12 hobgoblins
  3 jackals (D:4)
  6 quokkas
  3 ball pythons
  3 frilled lizards
  18 goblins
  10 kobolds
  A quokka skeleton (D:4)
  2 rats
174 creatures vanquished.

Vanquished Creatures (others)
  An orc (Bailey)
1 creature vanquished.

Grand Total: 175 creatures vanquished

Notes
Turn   | Place    | Note
-------+----------+-------------------------------------------
     0 | D:1      | HallandMoats the Demonspawn Fighter began the quest for the
                  | Orb.
     0 | D:1      | Reached XP level 1. HP: 18/18 MP: 1/1
    58 | D:1      | Gained mutation: You are partially covered in large bone
                  | plates. (SH +4) [demonic ancestry]
    58 | D:1      | Reached XP level 2. HP: 24/24 MP: 2/2
   666 | D:1      | Reached XP level 3. HP: 25/29 MP: 3/3
  1105 | D:2      | Noticed a golden eye
  1107 | D:2      | Found a faded altar of an unknown god.
  1108 | D:2      | Noticed an eye of devastation
  1108 | D:2      | Noticed a shining eye
  1108 | D:2      | Noticed an eye of devastation
  1276 | D:2      | Reached skill level 1 in Dodging
  1363 | D:2      | Gained mutation: You have a pair of small antennae on your
                  | head. [demonic ancestry]
  1363 | D:2      | Reached XP level 4. HP: 35/35 MP: 4/4
  1946 | D:3      | Identified the +9 trident of the Bear {venom, *Rage Dex+4}
  2361 | D:3      | Found a radiant altar of Vehumet.
  2477 | D:3      | Found a faded altar of an unknown god.
  2481 | D:3      | Found a sacrificial altar of Ru.
  3196 | D:4      | Reached XP level 5. HP: 42/42 MP: 5/5
  3425 | D:4      | Noticed a water moccasin
  3427 | D:4      | Killed a water moccasin
  3428 | D:4      | Gained mutation: You are mostly covered in large bone
                  | plates. (SH +6) [demonic ancestry]
  3428 | D:4      | Reached XP level 6. HP: 49/49 MP: 6/6
  3575 | D:4      | Found a staircase to the Ecumenical Temple.
  3661 | Temple   | Entered the Ecumenical Temple
  3710 | Temple   | Became a worshipper of Warmaster Okawaru
  4055 | D:4      | Noticed Robin
  4076 | D:4      | Killed Robin
  4131 | D:4      | Noticed Sigmund
  4139 | D:4      | Killed Sigmund
  4139 | D:4      | Reached * piety under Okawaru
  4140 | D:4      | Reached skill level 1 in Invocations
  4140 | D:4      | Gained mutation: You have a pair of antennae on your head.
                  | [demonic ancestry]
  4140 | D:4      | Reached XP level 7. HP: 51/55 MP: 6/8
  4233 | D:4      | Noticed a two-headed ogre
  4241 | D:4      | Killed a two-headed ogre
  4241 | D:4      | Reached ** piety under Okawaru
  4241 | D:4      | Reached *** piety under Okawaru
  4242 | D:4      | Reached skill level 5 in Fighting
  4242 | D:4      | Reached skill level 4 in Invocations
  4242 | D:4      | Gained mutation: Your demonic aura sometimes causes spilled
                  | blood to erupt in flames. [demonic ancestry]
  4242 | D:4      | Reached XP level 8. HP: 47/63 MP: 8/11
  4418 | D:4      | Found an ornate altar of the Wu Jian Council.
  4425 | D:4      | Noticed a spectral centipede
  4425 | D:4      | Noticed a spectral black mamba
  4495 | D:5      | Entered Level 5 of the Dungeon
  4830 | D:5      | Reached skill level 5 in Long Blades
  4980 | D:5      | Reached skill level 5 in Invocations
  5221 | D:5      | Identified the ring of Twilight {rPois rCorr Int+8 Dex-5}
  5255 | D:5      | Killed an unseen horror
  5483 | D:5      | Found a shadowy altar of Dithmenos.
  5492 | D:5      | Found a shimmering altar of Xom.
  5496 | D:5      | Found a stormy altar of Qazlal.
  5795 | D:6      | Reached XP level 9. HP: 71/71 MP: 13/13
  5798 | D:6      | Reached **** piety under Okawaru
  6021 | D:6      | Noticed Edmund
  6028 | D:6      | Killed Edmund
  6029 | D:6      | Reached skill level 6 in Invocations
  7019 | D:6      | Reached skill level 5 in Shields
  7287 | D:7      | Noticed a two-headed ogre
  7295 | D:7      | Killed a two-headed ogre
  7295 | D:7      | Reached ***** piety under Okawaru
  7296 | D:7      | Reached skill level 5 in Armour
  7296 | D:7      | Reached skill level 7 in Invocations
  7313 | D:7      | Found a flagged portal.
  7321 | Bailey   | Entered a bailey
  7595 | Bailey   | Gained mutation: You are partially covered in sharp spines.
                  | [demonic ancestry]
  7595 | Bailey   | Reached XP level 10. HP: 36/79 MP: 15/15
  8254 | Bailey   | Reached skill level 8 in Invocations
  8257 | Bailey   | Identified the +7 plate armour of Disappointment {Int+5}
                  | (Okawaru gifted it to you in a bailey)
  8257 | Bailey   | Received a gift from Okawaru
  8620 | Bailey   | Mangled by an orc warrior

Illustrated notes

Levels and vault maps discovered:
D:1:      wander_arrival_peaceful_grave, layout_loops_ring,
          minmay_misc_feat_nine_boxes
D:2:      layout_loops_corners, hellmonk_ecumenical_altar_watching_god,
          basic_altar, minmay_pentomino_p2
D:3:      layout_basic, marbit_many_paths, nicolae_overflow_ecumenical_swirl,
          guppyfry_early_lair_pool
D:4:      layout_basic, pdpol_wu_jian_five_deadly_venoms,
          minmay_temple_entry_junction, uniq_sigmund, uniq_robin
D:5:      layout_rooms, minitemple, hangedman_decor_clover_reticule
D:6:      layout_gridville, kennysheep_small_square, uniq_edmund
D:7:      layout_loops_cross, enter_bailey_3
Temple:   cyrus_circular_temple
Bailey:   bailey_polearm_flooded_kennysheep, bailey

Skill      XL: |  1  2  3  4  5  6  7  8  9 10 |
---------------+-------------------------------+-----
Long Blades    | 2 3 4 5 6 7 |  7.0
Shields        | 3 4 5 |  5.4
Dodging        | 1 2 3 4 |  4.5
Armour         | 3 4 5 |  5.4
Fighting       | 4 5 6 7 |  7.9
Invocations    | 1 4 5 7 8 |  8.2

Action                   |  1- 3 |  4- 6 |  7- 9 | 10-12 || total
-------------------------+-------+-------+-------+-------++-------
Melee: Long sword        |    96 |    45 |       |       ||   141
       Trident           |       |    70 |   156 |    46 ||   272
  Use: Scroll            |       |     2 |     3 |       ||     5
       Potion            |       |       |       |     1 ||     1
Armor: Scale mail        |    38 |    26 |    15 |       ||    79
       Leather armour    |       |       |    32 |     9 ||    41
Dodge: Dodged            |    40 |    35 |    91 |    54 ||   220
Block: Buckler           |    36 |    34 |   104 |    48 ||   222

Table legend: (Time is in decaauts)
 A = Elapsed time spent in this place.
 B = Non-inter-level travel time spent in this place.
 C = Inter-level travel time spent in this place.
 D = Time resting spent in this place.
 E = Time spent auto-exploring this place.
 F = Levels seen in this place.
 G = Mean time per level.
                   A        B        C        D        E       F      G
               +--------+--------+--------+--------+--------+-----+--------+
         Total |   9007 |   8809 |    198 |   3281 |   4165 |   9 | 1000.8 |
       Dungeon |   7576 |   7394 |    182 |   2417 |   4016 |   7 | 1082.3 |
        Temple |     64 |     49 |     15 |      0 |     38 |   1 |   64.0 |
        Bailey |   1365 |   1365 |      0 |    864 |    111 |   1 | 1365.0 |
               +--------+--------+--------+--------+--------+-----+--------+

Top non-repeatable levels by time:
     D:6: 1588 daAuts
     D:4: 1397 daAuts
     D:3: 1384 daAuts
  Bailey: 1365 daAuts
     D:5: 1341 daAuts
     D:2: 983 daAuts
     D:1: 827 daAuts
  Temple: 64 daAuts
     D:7: 54 daAuts
